[Event "Early-Titled-Tuesday-Blitz-May-14-2024"]
[Site "Chess.com"]
[Date "2024.05.14"]
[Round "5"]
[White "AlmasRakhmatullaev"]
[Black "Dolphin_2010"]
[Result "1-0"]
[WhiteElo "2878"]
[BlackElo "2623"]
[TimeControl "180+1"]
[EndTime "8:59:11 PDT"]
[Termination "AlmasRakhmatullaev won on time"]

1. e4 c6 2. d4 d5 3. exd5 cxd5 4. c4 Nf6 5. Nc3 g6 6. Qb3 Bg7 7. cxd5 O-O 8. Be2 Nbd7 9. Bf3 Nb6 10. Nge2 Bg4 11.
Bxg4 Nxg4 12. a4 Nf6 13. Nf4 Qd7 14. a5 Nc8 15. Be3 Nd6 16. O-O Qf5 17. h3 Rfc8 18. Rac1 b6 19. a6 Rc4 20. Rfe1 Qc8 21. Nd3 Qxa6 22.
Ne5 Rcc8 23. Nc6 Qb7 24. Bf4 Bf8 25. Be5 Nxd5 26. Nxd5 Rxc6 27. Qf3 Rxc1 28. Rxc1 Rc8 29. Re1 Qc6 30. Nf6+ Kh8 31. d5 Qc2 32. Ne8+ Kg8 33. Nf6+ Kh8 34. Ng4+ Kg8 35. Qf4 h5 36. Nh6+ Bxh6 37.
Qxh6 f6 38. Bxd6 exd6 39. Qf4 Qf5 40. Qxd6 Kh7 41. Qe7+ Kh6 42. d6 Rc2 43. Rf1 Rd2 44. h4 Qf4 45. Qf8+ Kh7 46. Qf7+ Kh6 47. d7 Qd6 48.
Re1 Qxd7 49. Re7 Rd1+ 50. Kh2 Qd6+ 51. g3 Qxe7 52. Qxe7 f5 53. Qf8+ Kh7 54. Qf7+ Kh6 55. Qxa7 Rd6 56. Qb8 Rd7 57. Qh8+ Rh7 58. Qf8+ Rg7 59.
Qd6 b5 60. Qe5 g5 61. Qxf5 gxh4 62. gxh4 Rg4 63. Qxb5 Rxh4+ 64. Kg2 Rg4+ 65. Kf1 h4 66. Qc5 Rg5 67. Qd6+ Kh5 68. Qf4 Rg4 69. Qf7+ Kh6 70. b4 Rxb4 71. Qf8+ 1-0

[Event "Early-Titled-Tuesday-Blitz-May-14-2024"]
[Site "Chess.com"]
[Date "2024.05.14"]
[Round "5"]
[White "GrotBchess"]
[Black "Matibar"]
[Result "0-1"]
[WhiteElo "2529"]
[BlackElo "2782"]
[TimeControl "180+1"]
[EndTime "8:59:11 PDT"]
[Termination "Matibar won by resignation"]

1. e4 c6 2. d4 d5 3. Nd2 g6 4.
Ngf3 Bg7 5. c3 Nh6 6. Bd3 f6 7. Qe2 O-O 8. h3 Nf7 9. O-O e5 10. dxe5 fxe5 11. Rd1 Be6 12. Nf1 Nd7 13. b4 Kh8 14.
Ng3 Nd6 15. Bg5 Qe8 16. Nh2 h6 17. Be3 b6 18. Ng4 h5 19. Nh2 d4 20. cxd4 exd4 21. Bg5 c5 22. bxc5 bxc5 23. Rac1 c4 24. Bxc4 Nxc4 25.
Rxc4 Bxc4 26. Qxc4 Ne5 27. Qe2 d3 28. Qe3 Qa4 29. Rf1 Qc2 30. Bh6 Nf7 31. Bxg7+ Kxg7 32. Nf3 Rad8 33. Nd2 Qxa2 34. e5 Qe6 35. f4 Qb6 36. Qxb6 axb6 37. Nge4 Rd4 38. Kf2 Nxe5 39. Ke3 Rd5 40.
fxe5 Rxf1 41. Nxf1 Rxe5 42. Kxd3 Ra5 43. Nfd2 Ra3+ 44.
Kc2 b5 45. Kb2 Re3 46. Kc2 h4 47. Kd1 Kh6 48. Nc5 Rg3 49. Nce4 Rxg2 50. Ke1 Rh2 51. Nf2 Rg2 52. Kf1 Rg3 53. Ke2 Ra3 54. Nde4 Ra2+ 55. Kd3 b4 56. Kc4 Rb2 57. Ng4+ Kg7 58. Nef2 Kf7 59. Nd3 Rg2 60. Nxb4 Rg3 61. Nf2 Rf3 62.
Nbd3 Ke6 63. Kd4 Kf5 64. Ne4 Rxh3 65. Nef2 Rf3 66. Kc3 g5 67. Kd2 g4 68. Ke2 Rg3 69. Ne1 h3 70. Nh1 Rg1 71. Nf2 h2 72. Ned3 h1=Q 0-1

[Event "Early-Titled-Tuesday-Blitz-May-14-2024"]
[Site "Chess.com"]
[Date "2024.05.14"]
[Round "5"]
[White "TheoSlade"]
[Black "bazar-wokzal"]
[Result "0-1"]
[WhiteElo "2456"]
[BlackElo "2620"]
[TimeControl "180+1"]
[EndTime "8:59:11 PDT"]
[Termination "bazar-wokzal won by resignation"]

1. d4 Nf6 2. c4 Nc6 3. Nf3 e6 4.
Nc3 Bb4 5. Qc2 d6 6. Bd2 O-O 7. a3 Bxc3 8. Bxc3 Qe7 9. e3 e5 10.
Be2 Bg4 11. O-O e4 12. Ne1 Bxe2 13. Qxe2 d5 14. Nc2 Qe6 15. cxd5 Nxd5 16. Qc4 f5 17. Nb4 Nce7 18. Nxd5 Nxd5 19. Bd2 Rf6 20. f4 exf3 21.
Rxf3 Re8 22. Raf1 g6 23. Qb3 b6 24. Rc1 Rf7 25. Qa4 a5 26. Qc6 Qe4 27. Qc2 Rfe7 28.
Qxe4 Rxe4 29. Kf2 f4 30. Re1 fxe3+ 31. Bxe3 a4 32. Bd2 Rxe1 33. Bxe1 Re4 34. Bc3 Kg7 35. Rd3 g5 36. g3 Kg6 37. Rd2 h5 38. Re2 Kf5 39.
Rxe4 Kxe4 40. Ke2 g4 41. Be1 Kxd4 42. Bf2+ Kc4 43. Kd2 Kb3 44. Kc1 b5 45. Bd4 Ne7 46. Be5 c6 47. Bd6 Nd5 48. Bc5 Nf6 49. Bd4 Ne4 50.
Be3 c5 51. Bg1 c4 52. Bd4 c3 53. Kb1 cxb2 54. Bxb2 Nd2+ 55. Kc1 Nc4 56. Bf6 Nxa3 57. Be7 Nc4 58. Kb1 b4 59. Bf6 Nd2+ 60. Kc1 Nf3 61.
Bg7 Nxh2 62. Be5 Nf3 63. Bf6 a3 64. Kb1 Nd2+ 65. Ka1 Ne4 66. Be5 Kc2 67. Ka2 Nc3+ 68. Ka1 b3 69. Bxc3 Kxc3 70. Kb1 b2 0-1

[Event "Early-Titled-Tuesday-Blitz-May-14-2024"]
[Site "Chess.com"]
[Date "2024.05.14"]
[Round "5"]
[White "ValeriyGrinev"]
[Black "Sosat98"]
[Result "0-1"]
[WhiteElo "2598"]
[BlackElo "2761"]
[TimeControl "180+1"]
[EndTime "8:59:15 PDT"]
[Termination "Sosat98 won by resignation"]

1. d4 Nf6 2. c4 e6 3. Nf3 Bb4+ 4. Nbd2 O-O 5. g3 c5 6. Bg2 cxd4 7. Nxd4 Qb6 8. Nc2 Be7 9. O-O Nc6 10. b3 d5 11.
cxd5 exd5 12. Bb2 Bg4 13. Nf3 Rad8 14. Ncd4 Rfe8 15. h3 Bh5 16. Nf5 d4 17. Nxe7+ Rxe7 18. Re1 Ne4 19. Qd3 Bg6 20. Qc4 d3 21. e3 d2 22.
Red1 Nxf2 23. Qc3 f6 24. Kxf2 Rd3 25. Qc4+ Kh8 26. Nd4 Rexe3 27. Bxc6 bxc6 28. Rxd2 Rxd2+ 29. Kxe3 Rxb2 30. Qxc6 Qb8 31. Kf3 Bh5+ 32. g4 Be8 33. Qc5 h5 34. Nf5 Bg6 35. Rd1 Qa8+ 36. Qd5 Qxd5+ 37.
Rxd5 hxg4+ 38. hxg4 Bxf5 39. gxf5 Rxa2 40. Rd7 Ra3 41. Rb7 Kh7 42. Kg4 Kh6 43. Rb8 Kh7 44. Rb7 a5 45. Rb8 Ra1 46. Rb7 Rb1 47. Ra7 Rxb3 48.
Rxa5 Rb4+ 49. Kh5 Rf4 50. Rb5 Rf1 51. Rc5 Rg1 52. Kh4 Rg5 53. Rd5 Kh6 54. Rc5 g6 55.
Rc8 Rxf5 56. Rh8+ Kg7 57. Rc8 Rd5 58. Rc7+ Kh6 59. Rc6 Rd4+ 60. Kg3 Kg5 61. Rc8 f5 62. Kf3 Rd3+ 63. Ke2 Ra3 64. Kf2 Kg4 65. Rc4+ f4 66. Rc2 g5 67. Kg2 Rg3+ 68. Kh2 Rh3+ 69. Kg2 Re3 70. Rc6 Re2+ 71. Kf1 Ra2 72. Rc3 f3 73. Rc5 Kh4 74. Rc8 g4 75. Ke1 Kg3 76. Rc2 Rxc2 0-1

[Event "Early-Titled-Tuesday-Blitz-May-14-2024"]
[Site "Chess.com"]
[Date "2024.05.14"]
[Round "5"]
[White "vugarrasulov"]
[Black "MyDream003"]
[Result "1/2-1/2"]
[WhiteElo "2992"]
[BlackElo "2853"]
[TimeControl "180+1"]
[EndTime "8:59:16 PDT"]
[Termination "Game drawn - insufficient material"]

1. d4 Nf6 2. c4 e6 3. Nc3 Bb4 4. Nf3 O-O 5. Bg5 h6 6. Bh4 d5 7. e3 c5 8. cxd5 cxd4 9. Qxd4 Bxc3+ 10. bxc3 g5 11. Nxg5 hxg5 12. Bxg5 Nbd7 13. dxe6 fxe6 14. Bc4 Qb6 15. Qh4 Qc6 16. O-O Qe4 17. Qxe4 Nxe4 18. Bxe6+ Kg7 19. Bf4 Ndf6 20. Bc4 Bd7 21. Rfd1 Bc6 22.
Be5 Rae8 23. Bd4 Kh6 24. f3 Nd6 25. Bd3 Nb5 26. Bxb5 Bxb5 27. Bxa7 Re6 28. e4 Rg8 29. Rd2 Kg6 30. Bd4 Nh5 31. Kf2 Rf8 32. Kg1 Bc6 33.
Rf1 Nf4 34. g3 Nh3+ 35. Kg2 Ng5 36. Re2 Bb5 37. Ref2 Bxf1+ 38. Rxf1 Ra6 39. Rf2 Nxf3 40. Rxf3 Rxa2+ 41. Bf2 Rxf3 42. Kxf3 Rc2 43. h4 Rxc3+ 44. Kf4 b5 45. g4 b4 46. h5+ Kh7 47. Bd4 Rc4 48. Bf6 b3 49. g5 Rc2 50. Kf5 b2 51. Bxb2 Rxb2 52. e5 Rf2+ 53. Ke6 Rg2 54. Kf6 Rf2+ 55.
Ke7 Rg2 56. Kf6 Rf2+ 57. Ke7 Rg2 58. e6 Rxg5 59. Kf6 Rg1 60. e7 Rf1+ 61. Ke6 Re1+ 62. Kf7 Rf1+ 63. Ke6 Re1+ 64. Kf7 Rxe7+ 65. Kxe7 Kh6 66.
Kf8 Kxh5 1/2-1/2

[Event "Early-Titled-Tuesday-Blitz-May-14-2024"]
[Site "Chess.com"]
[Date "2024.05.14"]
[Round "5"]
[White "MITerryble"]
[Black "TigrVShlyape"]
[Result "1-0"]
[WhiteElo "3053"]
[BlackElo "2952"]
[TimeControl "180+1"]
[EndTime "8:59:17 PDT"]
[Termination "MITerryble won by checkmate"]

1. Nf3 Nf6 2. d4 d5 3. c4 c6 4. Nc3 a6 5. e3 Bf5 6. Be2 e6 7.
Nh4 Bg6 8. Qb3 b5 9. c5 a5 10.
Nxg6 hxg6 11. Bd2 Be7 12. f4 Nbd7 13. Bf3 Ng8 14. e4 dxe4 15. Nxe4 Rc8 16. Qa3 a4 17. b3 Ngf6 18. Nd6+ Bxd6 19. cxd6 O-O 20. bxa4 Qb6 21. O-O Qxd4+ 22. Be3 Qxa4 23. Qxa4 bxa4 24. Rab1 Nd5 25. Bd2 Rb8 26. Ba5 Rfc8 27. g3 f5 28. Rfc1 Kf7 29.
Rxb8 Nxb8 30. Bd1 Nd7 31. Bxa4 Ra8 32. Bxc6 Rxa5 33. Bxd7 Rxa2 34. Re1 Rd2 35. Bxe6+ Kf6 36. Bg8 Nxf4 37. gxf4 Rxd6 38. Kf2 g5 39. fxg5+ Kxg5 40. Bc4 Rd2+ 41. Be2 Kf4 42. Rc1 g5 43. Rc4+ Ke5 44.
Ke3 Rb2 45. Rc5+ Kf6 46. Ra5 Kg6 47. Ra6+ Kg7 48. Rc6 Rb4 49. Bd3 Rh4 50. Rc2 Rh3+ 51. Kd4 f4 52. Be4 g4 53. Ke5 g3 54. Kxf4 Rxh2 55.
Rc3 Kf6 56. Rxg3 Rf2+ 57. Bf3 Rf1 58. Rh3 Rf2 59. Rh1 Rb2 60. Rc1 Rb5 61. Be4 Rb2 62.
Rc6+ Ke7 63. Ke5 Re2 64. Rc7+ Ke8 65. Ra7 Re1 66. Kf5 Kd8 67. Bd5 Re7 68. Ra6 Kc7 69. Be6 Kb7 70. Ra2 Rh7 71. Ke5 Kb6 72. Kd6 Rh6 73.
Rb2+ Ka6 74. Kd5 Rh5+ 75. Kc6 Rh6 76. Ra2# 1-0

[Event "Early-Titled-Tuesday-Blitz-May-14-2024"]
[Site "Chess.com"]
[Date "2024.05.14"]
[Round "5"]
[White "Zurability"]
[Black "nabukatnezarr"]
[Result "1-0"]
[WhiteElo "2818"]
[BlackElo "2614"]
[TimeControl "180+1"]
[EndTime "8:59:19 PDT"]
[Termination "Zurability won by resignation"]

1. e4 e5 2. Nf3 Nc6 3. Bc4 Nf6 4. d3 Bc5 5. c3 d6 6. O-O a6 7. h3 Ba7 8. Bb3 h6 9. Nbd2 Qe7 10. Re1 g5 11. Nf1 g4 12. hxg4 Bxg4 13. Be3 Rg8 14. Bxa7 Nxa7 15. Re3 O-O-O 16. Qe1 Rg7 17. d4 Rdg8 18.
Ng3 h5 19. dxe5 dxe5 20. Qf1 Nd7 21. Ne1 Nc5 22. Nf5 Bxf5 23. exf5 Nb5 24. Qc4 b6 25. Qd5 Kb8 26. Qxe5 Qd8 27. Rd1 Nd6 28. f6 Rg5 29. Qe7 Qc8 30. Rxd6 cxd6 31. Qxd6+ Qc7 32. Qxc7+ Kxc7 33.
Bxf7 Rf8 34. Re7+ Kd6 35. Nf3 Rf5 36. Ra7 Rxf6 37. Bxh5 Rf5 38. Bg4 Rf4 39. Bh3 Kc6 40.
Nd4+ Kd5 41. f3 Kc4 42. Re7 Kd3 43. g3 R4f7 44. Bf1+ Kd2 45. Re2+ Kc1 46. b4 Kb1 47. bxc5 bxc5 48. Nb3 c4 49. Nd4 Rg7 50. Rg2 Rd7 51.
Bxc4 Re8 52. Bd3+ Kc1 53. Nb3+ Kd1 54. Rd2+ Ke1 55. Kg2 a5 56. a4 Rb8 57. Re2+ Kd1 58. Nd4 Rb1 59. Rf2 Rc1 60. Rf1+ Kd2 61. Nb3+ Kxd3 62. Nxc1+ Kxc3 63. Ne2+ Kd2 64. Nf4 Rb7 65. Rf2+ Kc3 66. g4 Kb3 67. g5 Kxa4 68. Ne6 Re7 69. Nd4 Rd7 70. Nc6 Kb5 71. Nxa5 Kxa5 72. f4 Kb5 73. Kg3 Kc5 74. Kg4 Rg7 75. f5 Ra7 76. f6 Ra1 77. f7 Rg1+ 78. Kf5 1-0

[Event "Early-Titled-Tuesday-Blitz-May-14-2024"]
[Site "Chess.com"]
[Date "2024.05.14"]
[Round "5"]
[White "Massakru"]
[Black "rionelG"]
[Result "1-0"]
[WhiteElo "2408"]
[BlackElo "2267"]
[TimeControl "180+1"]
[EndTime "8:59:20 PDT"]
[Termination "Massakru won by checkmate"]

1. e4 c5 2. c3 Nf6 3. e5 Nd5 4. Bc4 e6 5. Nf3 Nc6 6. d4 cxd4 7. cxd4 d6 8. Qe2 dxe5 9. dxe5 Be7 10. O-O O-O 11.
Rd1 Qe8 12. a3 a6 13. Bd3 f5 14. exf6 Bxf6 15. Qe4 Qh5 16. g4 Qh3 17. Nbd2 Bd8 18.
Bf1 Nf6 19. Bxh3 Nxe4 20. Nxe4 Rxf3 21. Bg2 Rf8 22. Nd6 Bf6 23. g5 Be7 24. Nxc8 Raxc8 25.
Rd7 Bc5 26. Rxb7 Rxf2 27. Kh1 Ne5 28. h3 Nd3 29. Rb3 Ne5 30. Be3 Bxe3 31. Rxe3 Nc4 32.
Rxe6 Nxb2 33. Bd5 Kh8 34. Rae1 h6 35. g6 Rff8 36. Bb7 Rb8 37. Bxa6 Na4 38. Bc4 Nc5 39. Re7 Rf3 40. Re8+ Rf8 41. Rxf8+ Rxf8 42. Re5 Nd7 43. Re7 Nf6 44. a4 Rc8 45. Be6 Rb8 46. Ra7 Rb1+ 47. Kg2 Rb2+ 48. Kf1 Rb8 49. a5 Re8 50. Bf7 Rc8 51. a6 Ne4 52. Re7 Nd6 53. a7 Ra8 54.
Rd7 Nxf7 55. gxf7 Kh7 56. Rb7 Rf8 57. Ke2 Kg6 58. Rb8 Rxf7 59. a8=Q Re7+ 60. Kf3 Rf7+ 61. Kg3 Kh7 62. Rb7 Rf6 63. Qa7 Kg6 64. Rxg7+ Kf5 65. Qc5+ Ke6 66. Qd4 Kf5 67. Qf4+ Ke6 68. Qe4+ Kd6 69.
Qe7+ Kd5 70. Qxf6 h5 71. Rd7+ Kc5 72. Qd4+ Kc6 73. Qd5+ Kb6 74. Rb7+ Ka6 75. Qb5# 1-0

[Event "Early-Titled-Tuesday-Blitz-May-14-2024"]
[Site "Chess.com"]
[Date "2024.05.14"]
[Round "5"]
[White "malakismayil"]
[Black "Malikova777"]
[Result "1-0"]
[WhiteElo "2531"]
[BlackElo "2334"]
[TimeControl "180+1"]
[EndTime "8:59:21 PDT"]
[Termination "malakismayil won on time"]

1. e4 e6 2. d4 d5 3. Nd2 c5 4. exd5 Qxd5 5. Ngf3 cxd4 6. Bc4 Qd6 7. O-O Nf6 8. Nb3 Nc6 9. Nbxd4 Nxd4 10. Nxd4 a6 11. c3 Qc7 12. Qe2 Bd6 13. h3 O-O 14. Bg5 Ne4 15.
Qxe4 Qxc4 16. Rfe1 h6 17. Bh4 Rb8 18. Qe2 b5 19.
Qd2 Bc7 20. Bg3 Bxg3 21. fxg3 Bb7 22. Qe2 Bd5 23. Qf2 b4 24. Rec1 bxc3 25. Rxc3 Qa4 26. a3 Rfc8 27. Rac1 Rxc3 28. Rxc3 e5 29. Nf3 f6 30. b4 Qd1+ 31. Kh2 Rd8 32. Qb6 Bxf3 33.
Rxf3 Qd6 34. Qb7 Kh7 35. h4 Rd7 36. Qe4+ Kh8 37. Rc3 Rd8 38. Qb7 Rd7 39. Qa8+ Rd8 40. Qf3 Qe6 41. Rc6 Rd6 42. Rc7 e4 43. Qe3 Qe5 44.
Qa7 f5 45. Re7 Qf6 46. Qc7 Rd3 47. Re8+ Kh7 48. Qc8 Qd6 49. Rh8+ Kg6 50. Qe8+ Kf6 51. Rf8+ Qxf8 52. Qxf8+ Ke5 53. Qxg7+ Kd5 54. Qd7+ Ke5 55. Qe7+ Kd4 56. Qf6+ Kc4 57. Qxf5 e3 58. Qe4+ Kc3 59. g4 Kd2 60. Qf4 Kd1 61. Qf1+ Kd2 62. Qf4 Kd1 63. Qe4 Kd2 64. g5 e2 65. Qf4+ Kd1 66. Qe4 e1=Q 67.
Qxd3+ Kc1 68. Qg3 Qe6 69. g6 Qg8 70. g7 1-0

[Event "Early-Titled-Tuesday-Blitz-May-14-2024"]
[Site "Chess.com"]
[Date "2024.05.14"]
[Round "5"]
[White "MrLion3000"]
[Black "betta2004"]
[Result "1-0"]
[WhiteElo "2771"]
[BlackElo "2521"]
[TimeControl "180+1"]
[EndTime "8:59:24 PDT"]
[Termination "MrLion3000 won by resignation"]

1. Nf3 g6 2. d4 Nf6 3. c4 c5 4. d5 a6 5. a4 d6 6. Nc3 e5 7. e4 a5 8. h3 Bg7 9. g4 Na6 10. Be3 Bd7 11. Nd2 Qe7 12. Be2 Nb4 13.
g5 Ng8 14. Bg4 h6 15. Bxd7+ Qxd7 16. Ke2 hxg5 17. Nb5 g4 18. hxg4 Qxg4+ 19. f3 Qg2+ 20. Bf2 Kd7 21. Rxh8 Bxh8 22. Qh1 Qxh1 23. Rxh1 Nf6 24.
Nb3 b6 25. Nc1 Nh5 26. Nd3 Bf6 27. Nxb4 axb4 28. b3 Nf4+ 29. Kd2 Bg5 30. Be3 Rg8 31. Rh7 Ke7 32. Rh2 Bf6 33. Rh7 Nh5 34. Na7 Bg7 35.
Bg5+ Kd7 36. Nb5 Rh8 37. Rxh8 Bxh8 38. Ke2 f6 39. Be3 f5 40. Bg5 Bf6 41. Be3 Bh4 42.
Bg1 Nf4+ 43. Kd2 Nh3 44. Bh2 Bg5+ 45. Ke2 Bf4 46. Bxf4 Nxf4+ 47. Ke3 Ng2+ 48. Kf2 Nf4 49. Ke3 Nh5 50. Na7 Nf6 51. Kd3 f4 52. Ke2 g5 53.
Kf2 g4 54. Nb5 gxf3 55. Kxf3 Nh5 56. Na7 Ng3 57. Nb5 Nf1 58. Ke2 Ne3 59. Kd2 Ng4 60. Ke2 Nf6 61. Kf3 Ke7 62. Na7 Ne8 63. Nc8+ Kf6 64.
Nxb6 Kg5 65. Nd7 Kh4 66. a5 Nc7 67. Nf8 Kh3 68. Ne6 Na6 69. Ng5+ Kh4 70. Nf7 Kh5 71.
Nxd6 Kg6 72. Nb7 Kf6 73. Nd8 Ke7 74. Nc6+ Kd6 75. Kg4 Nc7 76. Kf3 Na6 77. Nd8 Nc7 78. Nf7+ Ke7 79. Nxe5 Kf6 80. Nd3 Na6 81. Kxf4 Ke7 82.
e5 Kd7 83. Ke4 1-0

[Event "Early-Titled-Tuesday-Blitz-May-14-2024"]
[Site "Chess.com"]
[Date "2024.05.14"]
[Round "5"]
[White "Niktlt"]
[Black "Happy1712Drummer"]
[Result "0-1"]
[WhiteElo "2695"]
[BlackElo "2446"]
[TimeControl "180+1"]
[EndTime "8:59:24 PDT"]
[Termination "Happy1712Drummer won by resignation"]

1. d4 d5 2. c4 e6 3. Nc3 c5 4.
cxd5 exd5 5. e3 Nf6 6. Nf3 Nc6 7. Bd3 c4 8. Bc2 Bb4 9. Bd2 O-O 10. O-O Re8 11. a3 Bd6 12. Re1 Rb8 13. e4 dxe4 14. Nxe4 Nxe4 15. Bxe4 Qc7 16. Bxh7+ Kxh7 17. Ng5+ Kg6 18.
Rxe8 Bxh2+ 19. Kh1 Bf4 20. Nf3 Bg4 21. Rxb8 Qxb8 22. Qc2+ f5 23. Nh4+ Kf6 24. Qc3 Bxd2 25. Qxd2 Qh8 26. g3 g5 27. Kg1 gxh4 28. Qf4 hxg3 29. fxg3 Kg6 30. Qd6+ Qf6 31. Qxf6+ Kxf6 32. Rc1 b5 33. Kf2 Nxd4 34. a4 Nb3 35. Rc3 a6 36. axb5 axb5 37. Re3 Nc5 38. Re8 Nd3+ 39. Ke3 Nxb2 40. Rb8 Nd1+ 41. Kd2 c3+ 42. Kc2 b4 43. Rxb4 Ne3+ 44. Kc1 Ke5 45. Ra4 Be2 46. Ra3 Nd5 47.
Kc2 Bc4 48. Ra5 Ke4 49. Ra4 Kd4 50. Ra8 Ne3+ 51. Kc1 Bd5 52. Rc8 Kd3 53. Rd8 Kc4 54.
Rc8+ Kd4 55. Rd8 c2 56. Rc8 Ke4 57. Rc3 Kf3 58. Kd2 Kf2 59. Kd3 Be4+ 60. Kd2 Ng4 61.
Kc1 Ne5 62. Kd2 Nf3+ 63. Kc1 Kxg3 64. Rc7 f4 65. Rg7+ Kf2 66. Rf7 Ke3 67. Rc7 Nd4 68.
Rc3+ Bd3 69. Rxc2 Bxc2 70. Kb2 f3 71. Kc3 f2 72. Kc4 f1=Q+ 73. Kd5 Qb5+ 74. Kd6 Qc6+ 75. Ke7 Nf5+ 76. Kf7 Qd6 77. Kg8 0-1

[Event "Early-Titled-Tuesday-Blitz-May-14-2024"]
[Site "Chess.com"]
[Date "2024.05.14"]
[Round "5"]
[White "David_George21"]
[Black "lluiss"]
[Result "0-1"]
[WhiteElo "2356"]
[BlackElo "2215"]
[TimeControl "180+1"]
[EndTime "8:59:27 PDT"]
[Termination "lluiss won by checkmate"]

1. e4 c5 2. Nf3 d6 3. d4 cxd4 4. Nxd4 Nf6 5. Nc3 g6 6. Be3 Bg7 7. f3 O-O 8. Qd2 Nc6 9. g4 Nxd4 10. Bxd4 Be6 11. h4 Qa5 12. h5 Rac8 13. h6 Bh8 14. g5 Nh5 15. Bxh8 Kxh8 16. f4 Nxf4 17. Qxf4 Rxc3 18.
O-O-O Rc5 19. a3 Rfc8 20. Rh2 Rxg5 21. Bd3 Qe5 22. Qf2 Rh5 23. Rxh5 Qxh5 24. Qd4+ f6 25.
Qxa7 Qxh6+ 26. Kb1 Qh5 27. Rc1 Qc5 28. Qxb7 Rc7 29. Qb8+ Kg7 30. a4 Qa7 31. Qxa7 Rxa7 32. Bb5 h5 33. b4 g5 34. a5 Kg6 35. a6 Bc8 36. c4 Bxa6 37. Bxa6 Rxa6 38. c5 dxc5 39.
bxc5 Rc6 40. Rc4 g4 41. Kc1 Kg5 42. Kd2 h4 43. Ke2 h3 44. Kf2 Kh4 45. Kg1 e5 46.
Rc3 g3 47. Kh1 Ra6 48. Rc1 Rc6 49. Kg1 Kg4 50. Rc3 Kf4 51. Kf1 Kg4 52. Kg1 g2 53. Kh2 Kh4 54. Rxh3+ Kg4 55. Rc3 Kf4 56. Kxg2 Kxe4 57.
Kf2 Kd5 58. Ke2 Rxc5 59. Rd3+ Ke6 60. Rd8 Ra5 61. Rc8 Kf5 62. Rc6 Ra2+ 63. Ke3 Ra3+ 64. Ke2 Rh3 65. Rc4 Rh2+ 66. Ke3 Rh3+ 67. Ke2 Rh5 68.
Rc6 Rh2+ 69. Ke3 Rh3+ 70. Ke2 Rh6 71. Rc4 e4 72. Rc5+ Kf4 73. Ra5 f5 74. Ra8 Rh2+ 75. Ke1 Rh1+ 76. Ke2 Rh2+ 77. Ke1 e3 78. Rf8 Ke4 79.
Re8+ Kf3 80. Rf8 Rh1# 0-1

[Event "Early-Titled-Tuesday-Blitz-May-14-2024"]
[Site "Chess.com"]
[Date "2024.05.14"]
[Round "5"]
[White "Chernov_Mikhail"]
[Black "HighLawView"]
[Result "1/2-1/2"]
[WhiteElo "2370"]
[BlackElo "2107"]
[TimeControl "180+1"]
[EndTime "8:59:28 PDT"]
[Termination "Game drawn by agreement"]

1. e4 e5 2. Nf3 Nc6 3. Bc4 Bc5 4.
c3 Nf6 5. d3 d6 6. h3 h6 7. a4 a5 8. O-O O-O 9. Nbd2 Be6 10. Bxe6 fxe6 11. Qb3 Qc8 12. Nc4 Kh8 13. Be3 Bxe3 14. fxe3 d5 15. exd5 exd5 16. Ncxe5 Nxe5 17. Nxe5 Re8 18. Ng6+ Kh7 19. Nf4 c6 20. Rae1 Qf5 21. Qxb7 Rab8 22. Qxc6 Rxb2 23. Nxd5 Qg5 24. Nxf6+ gxf6 25.
Rxf6 Rg8 26. Qe4+ Kh8 27. Rf2 Qg3 28. Qf3 Qxf3 29. Rxf3 Rgxg2+ 30. Kf1 Rh2 31. Rg3 Rh1+ 32. Rg1 Rxh3 33. Rc1 Rhh2 34. c4 Rhf2+ 35. Ke1 Rbe2+ 36. Kd1 Rxe3 37. c5 Rxd3+ 38. Ke1 Rf7 39. c6 Rc7 40. Rg6 Kh7 41. Re6 Rd4 42. Ra1 Rc4 43. Re5 R7xc6 44. Rxa5 Re6+ 45. Kf2 Rf4+ 46. Kg3 Rf7 47. Rh5 Rg6+ 48.
Kh3 Rf3+ 49. Kh2 Ra6 50. a5 Kg6 51. Rh4 Kg5 52. Raa4 h5 53. Rhb4 h4 54. Rb5+ Kg6 55.
Rxh4 Ra3 56. Rhb4 R3xa5 57. Rxa5 Rxa5 58. Kg3 Ra2 59. Kf4 Ra3 60. Rb6+ Kf7 61. Kf5 Ra5+ 62. Kf4 Rh5 63. Kg4 Rc5 64. Kf4 Rc4+ 65. Ke5 Rc5+ 66.
Kd4 Rh5 67. Rb7+ Ke6 68. Rb6+ Kd7 69. Rg6 Rh4+ 70. Ke5 Ra4 71. Kf6 1/2-1/2

[Event "Early-Titled-Tuesday-Blitz-May-14-2024"]
[Site "Chess.com"]
[Date "2024.05.14"]
[Round "5"]
[White "simaopdias"]
[Black "NanMKKhineHlyan"]
[Result "1-0"]
[WhiteElo "2275"]
[BlackElo "1812"]
[TimeControl "180+1"]
[EndTime "8:59:30 PDT"]
[Termination "simaopdias won by resignation"]

1. e4 d6 2. Nf3 g6 3. Nc3 Bg7 4. d4 Nf6 5. Bg5 O-O 6. Qd2 Bg4 7. Be2 Nbd7 8. Bh6 c5 9. Bxg7 Kxg7 10. O-O-O cxd4 11. Nxd4 Bxe2 12. Qxe2 Qa5 13. Kb1 Rfc8 14. Rd3 a6 15. Nb3 Qc7 16. h4 Ne5 17. Rg3 b5 18. h5 b4 19. Nd5 Nxd5 20. exd5 Qc4 21. Qd2 Rh8 22. f4 Nd7 23. f5 Ne5 24. Nd4 Rac8 25. fxg6 hxg6 26. Nf5+ Kf8 27. Ne3 Qc5 28. h6 a5 29. h7 a4 30. Nf5 gxf5 31. Rg8+ Rxg8 32.
Qh6+ Ke8 33. hxg8=Q+ Kd7 34. Qxc8+ Qxc8 35. Qe3 Qc4 36.
Qd2 f4 37. Re1 f3 38. b3 axb3 39. axb3 Qg4 40. gxf3 Nxf3 41. Qd1 Qg2 42. Re2 Qg4 43. Qf1 Qd4 44. Qc1 Nd2+ 45. Rxd2 Qc3 46. Rd3 Qc5 47.
Rd1 Qa5 48. Qb2 Qa6 49. Qd4 Qb5 50. Qc4 Qb6 51. Qc6+ Qxc6 52. dxc6+ Kxc6 53. Rf1 Kc5 54. Rxf7 e6 55. Kc1 d5 56. Kd2 Kd4 57. Rf4+ Ke5 58.
Rxb4 d4 59. Rb5+ Kf4 60. Kd3 e5 61. Rxe5 Kxe5 62. b4 Kd5 63. c4+ Kc6 64. Kxd4 Kb6 65. Kd5 Kb7 66. c5 Kc7 67. b5 Kb7 68. Kd6 Kc8 69. Kc6 Kd8 70. Kb7 Ke7 71. c6 Kf6 72. c7 Ke5 73. c8=Q Kd4 74. Qc6 1-0

[Event "Early-Titled-Tuesday-Blitz-May-14-2024"]
[Site "Chess.com"]
[Date "2024.05.14"]
[Round "5"]
[White "A4RookA3"]
[Black "sergeikim"]
[Result "1/2-1/2"]
[WhiteElo "2433"]
[BlackElo "2631"]
[TimeControl "180+1"]
[EndTime "8:59:31 PDT"]
[Termination "Game drawn by repetition"]

1. e4 e5 2. Nf3 Nc6 3. Nc3 Nf6 4. a3 g6 5. Bc4 Bg7 6. d3 O-O 7. O-O d6 8. h3 h6 9. Be3 Nh5 10. Qd2 Kh7 11. g4 Nf4 12. Bxf4 exf4 13. Qxf4 Nd4 14. Nxd4 Bxd4 15. Qd2 Qh4 16. Kg2 c6 17. f3 b5 18.
Bb3 Be6 19. Qe1 Qf6 20. Bxe6 fxe6 21. f4 a5 22. Rb1 b4 23. axb4 axb4 24. Ne2 Bc5 25. d4 Bxd4 26. Nxd4 Qxd4 27. Qe2 Qc5 28. Qd3 d5 29. e5 Qb5 30. Qxb5 cxb5 31. c3 Rfc8 32. Rf3 Rc4 33. Kg3 Rf8 34. cxb4 Rxb4 35. b3 Kg7 36. Rc1 Rf7 37. Rc6 Re7 38. Rb6 Kf7 39.
Rc3 Re4 40. Rxb5 g5 41. fxg5 hxg5 42. Rf3+ Kg7 43. Rb8 Rxe5 44. Rff8 Kg6 45. Rg8+ Rg7 46. Rxg7+ Kxg7 47. Kf3 d4 48. b4 Re3+ 49. Kf2 Kf6 50. b5 Rxh3 51. Rd8 Ke5 52. b6 Rb3 53. Rb8 Ke4 54.
Ke2 Rb2+ 55. Kd1 e5 56. b7 d3 57. Kc1 Rb3 58. Kd2 Rb6 59. Kc3 Rc6+ 60. Kd2 Rc2+ 61.
Kd1 Rb2 62. Kc1 Rb4 63. Kd2 Rb5 64. Kc3 Ke3 65. Re8 Rxb7 66. Rxe5+ Kf4 67. Rd5 Kxg4 68. Kxd3 Re7 69. Rd4+ Kf3 70. Rd8 g4 71. Rf8+ Kg3 72. Kd2 Rd7+ 73. Ke3 Re7+ 74. Kd2 Rg7 75. Ke2 Re7+ 76. Kf1 Re4 77. Ra8 Rf4+ 78. Kg1 Rf3 79. Ra1 Re3 80. Rb1 Rf3 81. Ra1 Rd3 82. Rb1 Rf3 83. Ra1 1/2-1/2

[Event "Early-Titled-Tuesday-Blitz-May-14-2024"]
[Site "Chess.com"]
[Date "2024.05.14"]
[Round "5"]
[White "Vincent_Vega95"]
[Black "GM_dmitrij"]
[Result "1-0"]
[WhiteElo "2759"]
[BlackElo "3006"]
[TimeControl "180+1"]
[EndTime "8:59:38 PDT"]
[Termination "Vincent_Vega95 won by resignation"]

1. Nf3 d5 2. d4 Nf6 3. c4 e6 4. Nc3 a6 5. cxd5 exd5 6. Bg5 c6 7. e3 Be6 8. Bd3 Nbd7 9. O-O Bd6 10. Bf4 Qc7 11.
Qd2 O-O 12. Rfe1 Rfe8 13. h3 Rad8 14. Rac1 Qb8 15. Ng5 h6 16. Nf3 Re7 17. a3 Rde8 18. b4 Bxf4 19. exf4 Nb6 20. Ne5 Nc4 21. Qa2 Nd6 22. Qb1 Nfe4 23. Nxe4 dxe4 24. Bxe4 Nxe4 25. Qxe4 Bd5 26. Qb1 f6 27. Ng6 Re4 28. f3 R4e6 29. Kf2 Qa7 30. Qd3 a5 31. f5 Rxe1 32. Rxe1 Rxe1 33.
Kxe1 axb4 34. Qe3 Bf7 35. Qe7 Qb8 36. axb4 Qg3+ 37. Kf1 Bxg6 38. fxg6 Qxg6 39. Qxb7 Qd3+ 40. Ke1 Qc3+ 41. Kf1 Qc4+ 42. Ke1 Kh7 43. Kf2 Qxd4+ 44. Kf1 Qd6 45. Qb6 h5 46. Kg1 Qd1+ 47. Kh2 Qd6+ 48. Kg1 Qd5 49. Qe3 h4 50. Qc3 Kg6 51. Kf2 Kf7 52. Ke3 Qg5+ 53. Kf2 Qd5 54. Ke3 Ke6 55.
Qd4 g5 56. Qe4+ Qe5 57. Kd3 Kd6 58. Qd4+ Qd5 59. Ke3 Ke6 60. Kd3 f5 61. Ke3 Qe5+ 62. Kd3 Qg3 63. Qe3+ Kd7 64. Qe2 Qd6+ 65. Kc4 Qd5+ 66.
Kc3 Qd6 67. Qd3 Qxd3+ 68. Kxd3 Ke6 69. Kc4 Kd6 70. Kd4 Ke6 71. Kc5 Kd7 72. Kc4 Ke7 73. Kd4 Kd6 74. Kc4 Ke5 75. Kc5 Kf4 76. Kxc6 Kg3 77.
b5 Kxg2 78. b6 g4 79. b7 gxh3 80. b8=Q h2 81. Qb2+ Kh3 82. Qc1 Kg2 83. Qd2+ Kg3 84. Qe1+ Kg2 85. Qe2+ Kg3 86. Qf1 1-0